 Dungeon Crawl Stone Soup version 0.28.0 (webtiles) character file.

Game seed: 14327123307273592408

947 vvl the Skirmisher (level 7, -18/82 HPs)
             Began as a Demonspawn Fighter on Feb 9, 2022.
             Demolished by an orc warrior (19 damage)
             ... on level 5 of the Dungeon.
             The game lasted 00:07:05 (5732 turns).

vvl the Skirmisher (Demonspawn Fighter)             Turns: 5732, Time: 00:07:05

Health: -18/82     AC:  8    Str: 16    XL:     7   Next: 89%
Magic:  11/11      EV:  8    Int: 12    God:
Gold:   292        SH:  5    Dex: 12    Spells: 12/12 levels left

rFire   . . .      SeeInvis .   s - +1 war axe (flame)
rCold   . . .      Faith    .   c - +0 buckler
rNeg    . . .      Spirit   .   b - +0 scale mail
rPois   .          Reflect  .   (no helmet)
rElec   .          Harm     .   (no cloak)
rCorr   .          Rampage  .   n - +0 pair of gloves
Will    .....                   (no boots)
Stlth   ..........              m - amulet of the acrobat
HPRegen 0.23/turn               (no ring)
MPRegen 0.12/turn               (no ring)

@: berserking, very quick
A: hooves 1, foul stench 1, demonic magic 1, demonic touch 1
a: no special abilities


You were on level 5 of the Dungeon.
You visited 1 branch of the dungeon, and saw 5 of its levels.

You collected 292 gold pieces.

Inventory:

Hand Weapons
 a - a +0 long sword
 s - a +1 war axe of flaming (weapon)
Armour
 b - a +0 scale mail (worn)
 c - a +0 buckler (worn)
 n - a +0 pair of gloves (worn)
Jewellery
 d - a ring of wizardry
 g - an amulet of regeneration
 m - an amulet of the acrobat (around neck)
 u - a ring of willpower
Scrolls
 e - 6 scrolls of identify {unknown}
 h - a scroll of noise {unknown}
 i - 2 scrolls of teleportation {unknown}
 j - 2 scrolls of magic mapping {unknown}
 k - 3 scrolls of enchant armour {unknown}
 l - a scroll of enchant weapon {unknown}
 o - a scroll of torment {unknown}
Potions
 p - 2 potions of curing {unknown}
 q - a potion of magic {unknown}
 r - a potion of cancellation
 t - a potion of degeneration {unknown}


   Skills:
 + Level 4.4 Fighting
 - Level 2.0 Long Blades
 + Level 4.1 Armour
 - Level 4.0 Shields
 + Level 2.7 Unarmed Combat
 + Level 3.0 Spellcasting
 + Level 3.3 Necromancy
 + Level 2.8 Earth Magic


You had 12 spell levels left.
You didn't know any spells.
Your spell library was empty.

Dungeon Overview and Level Annotations

Branches:
Dungeon (5/15)
 Temple: D:4-7

Altars:
Dithmenos
Xom


Innate Abilities, Weirdness & Mutations

You have large cloven feet.
You may rarely emit foul miasma when damaged in melee.
Spells you cast may paralyse adjacent enemies.
Your touch may inflict minor irresistible damage on your foes.


Message History

There are monsters nearby!
There are monsters nearby!
There are monsters nearby!
The orc closely misses you.
You barely miss the orc. Your kick misses the orc. The orc barely misses you.
You barely miss the orc. Your kick misses the orc.
You barely miss the orc warrior. Your kick misses the orc warrior.
You block the orc warrior's attack.
You hit the orc warrior but do no damage.
Your kick misses the orc warrior. The orc warrior barely misses you.
The orc warrior hits you with a +0 battleaxe!!
You hit the orc warrior. You burn the orc warrior.
You kick the orc warrior, but do no damage.
The orc warrior is moderately wounded.
The orc warrior hits you with a +0 battleaxe!
You are too injured to fight recklessly!
You are too injured to fight recklessly!
You are too injured to fight recklessly!
You see here 12 stones.
You see here a +1 vorpal flail.
You are too injured to fight recklessly!
The orc barely misses you.
You slash the orc! You burn the orc.
You kill the orc!
The orc warrior hits you with a +0 battleaxe!
* * * LOW HITPOINT WARNING * * *
You see here a +1 vorpal flail.
It was a potion of berserk rage.
A red film seems to cover your vision as you go berserk!
You feel yourself moving faster!
You feel mighty!
The orc warrior hits you with a +0 battleaxe!
* * * LOW HITPOINT WARNING * * *
You hit the orc warrior. You burn the orc warrior.
Your kick misses the orc warrior.
The orc warrior is lightly wounded.
You block the orc warrior's attack.
You barely miss the orc warrior. Your kick misses the orc warrior.
The orc warrior is lightly wounded.
The orc warrior hits you with a +0 battleaxe!!
You die...

##
#..รท.........#######.#
#
#.#.######.#.........###
# #.#.# #...#####.....#
# #<#.########## #.....#
# #.....oo....# #.....#
# ##.#.#######o# #.>...#
#####..#.# #o# #.....#
.o..o.#..# #o# ##..###
####..#.## #@# #..# #
#..#.# #.# #..# # #..#.#
..# #..# # #..#.# ####
#..# # #..#.# #..# #
#..#.# #..# # #..# #..#
. #######..# #........#


You could see an orc warrior and 2 orcs.

Vanquished Creatures
  A water moccasin (D:5)
  A black bear (D:5)
  A necrophage (D:4)
  A centaur (D:4)
  A phantom (D:4)
  A scorpion (D:2)
  A water moccasin zombie (D:5)
  A water moccasin skeleton (D:4)
  An orc priest (D:4)
  4 hounds
  2 iguanas (D:5)
  7 adders
  A worm (D:3)
  4 dart slugs
  8 orcs
  4 bats
  11 endoplasms
  3 giant cockroaches
  4 goblins
  2 hobgoblins (D:2)
  4 jackals (D:1)
  3 quokkas
  11 ball pythons
  5 frilled lizards
  13 kobolds
  3 rats
98 creatures vanquished.

Notes
Turn   | Place    | Note
-------+----------+-------------------------------------------
     0 | D:1      | vvl the Demonspawn Fighter began the quest for the Orb.
     0 | D:1      | Reached XP level 1. HP: 18/18 MP: 1/1
   410 | D:1      | Discovered your monstrous ancestry.
   410 | D:1      | Gained mutation: You have large cloven feet. [demonic
                  | ancestry]
   410 | D:1      | Reached XP level 2. HP: 24/24 MP: 2/2
   431 | D:1      | Found a faded altar of an unknown god.
  1278 | D:2      | Reached XP level 3. HP: 29/29 MP: 3/3
  1651 | D:2      | Reached skill level 1 in Necromancy
  1651 | D:2      | Reached skill level 1 in Earth Magic
  2022 | D:2      | Noticed a scorpion
  2042 | D:2      | Killed a scorpion
  2043 | D:2      | Reached skill level 1 in Unarmed Combat
  2043 | D:2      | Reached skill level 1 in Spellcasting
  2043 | D:2      | Gained mutation: Your touch may inflict minor irresistible
                  | damage on your foes. [demonic ancestry]
  2043 | D:2      | Reached XP level 4. HP: 7/35 MP: 5/5
  2536 | D:3      | Found a large runed translucent door.
  2536 | D:3      | Found a large runed translucent door.
  3052 | D:3      | Gained mutation: You may rarely emit foul miasma when
                  | damaged in melee. [demonic ancestry]
  3052 | D:3      | Reached XP level 5. HP: 15/41 MP: 7/7
  3459 | D:3      | Found a shimmering altar of Xom.
  3714 | D:4      | Found a shadowy altar of Dithmenos.
  4235 | D:4      | Noticed a necrophage
  4239 | D:4      | Killed a necrophage
  4240 | D:4      | Gained mutation: Spells you cast may paralyse adjacent
                  | enemies. [demonic ancestry]
  4240 | D:4      | Reached XP level 6. HP: 44/48 MP: 7/9
  4891 | D:4      | Reached XP level 7. HP: 50/54 MP: 10/10
  4983 | D:5      | Entered Level 5 of the Dungeon
  5730 | D:5      | HP: 1/82 [orc warrior (13)]
  5732 | D:5      | Demolished by an orc warrior

Illustrated notes

Levels and vault maps discovered:
D:1:      amcnicky_arrival_wind_blow, layout_loops_corners,
          hellmonk_ecumenical_altar_zigzags, chequers_serial_rivers_marsh
D:2:      layout_basic, amethyst_killhole, minmay_misc_feat_five
D:3:      due_chaos_kobolds, layout_loops_ring, grunt_decor_arrowhead
D:4:      layout_loops_corners, nicolae_dithmenos_through_a_glass_darkly,
          minmay_increasing_density
D:5:      layout_loops_ring, dk_yredelemnul_ordeal,
          minmay_temple_entry_enclosed_plants

Skill      XL: |  1  2  3  4  5  6  7 |
---------------+----------------------+-----
Long Blades    | 2 |  2.0
Necromancy     | 1 2 3 |  3.3
Earth Magic    | 1 2 |  2.8
Armour         | 3 4 |  4.1
Shields        | 3 4 |  4.0
Unarmed Combat | 1 2 |  2.7
Spellcasting   | 1 2 3 |  3.0
Fighting       | 4 |  4.4

Action                   |  1- 3 |  4- 6 |  7- 9 || total
-------------------------+-------+-------+-------++-------
Melee: Long sword        |   103 |    98 |       ||   201
       Kick              |    18 |    27 |    13 ||    58
       War axe           |       |    44 |    57 ||   101
  Use: Potion            |     3 |       |     1 ||     4
Armor: Scale mail        |    49 |    63 |    33 ||   145
Dodge: Dodged            |    56 |    75 |    26 ||   157
Block: Buckler           |    26 |    40 |    11 ||    77
